| TOP OF THE 1ST |
|
Minnesota Twins batting - Pitching for Cleveland Guardians : RHP Sandy Cline
|
|
Pitching: RHP Sandy Cline
|
|
|
Batting: LHB Magneuris Sierra
|
0-0: Ball 1-0: Ball 2-0: Called Strike 2-1: Foul Ball, location: 2LF 2-2: Fly out, F5 (Line Drive, 5L, EV 71.3 MPH)
|
|
Batting: SHB Francisco Mejia
|
0-0: Fly out, F8 (Line Drive, 8LM, EV 90.0 MPH)
|
|
Batting: LHB Andy Townsend
|
0-0: Called Strike 0-1: Called Strike 0-2: Strikes out looking
|
| Top of the 1st over - 0 runs, 0 hits, 0 errors, 0 left on base; Minnesota 0 - Cleveland 0 |
| BOTTOM OF THE 1ST |
|
Cleveland Guardians batting - Pitching for Minnesota Twins : RHP Bob McDonald
|
|
Pitching: RHP Bob McDonald
|
|
|
Batting: LHB Joe Wendle
|
0-0: Ball 1-0: Called Strike 1-1: Swinging Strike 1-2: Foul Ball, location: 5DF 1-2: Strikes out looking
|
|
Batting: RHB Liam Thompson
|
0-0: Foul Ball, location: 2F 0-1: Ball 1-1: Ball 2-1: Foul Ball, location: 2F 2-2: Foul Ball, location: 2F 2-2: Ball 3-2: SINGLE (Line Drive, 7S, EV 92.5 MPH)
|
|
Batting: LHB José Álvarez
|
0-0: Called Strike 0-1: Ball 1-1: Foul Ball, location: 2F 1-2: Ball Wild Pitch! Liam Thompson to second 2-2: Ball 3-2: Base on Balls
|
|
Batting: RHB Jesús Castro
|
0-0: Foul Ball, location: 9LSF 0-1: Fly out, F7 (Flyball, 7, EV 84.4 MPH)
|
|
Batting: RHB Ernie Jones
|
0-0: Foul Ball, location: 9LSF 0-1: Called Strike 0-2: Foul Ball, location: 9LMF 0-2: Strikes out swinging
|
| Bottom of the 1st over - 0 runs, 1 hit, 0 errors, 2 left on base; Minnesota 0 - Cleveland 0 |
| TOP OF THE 2ND |
|
Minnesota Twins batting - Pitching for Cleveland Guardians : RHP Sandy Cline
|
|
Batting: RHB Gabriel Corporan
|
0-0: Swinging Strike 0-1: Ball 1-1: Foul Ball, location: 2RF 1-2: Ball 2-2: SINGLE (Groundball, 34D, EV 102.5 MPH)
|
|
Batting: LHB Carol Westerhout
|
0-0: Fly out, F7 (Flyball, 7, EV 92.5 MPH)
|
|
Batting: LHB Tulio Garcia
|
0-0: Swinging Strike 0-1: Ball 1-1: Swinging Strike 1-2: Strikes out swinging
|
|
Batting: RHB Greg Watts
|
0-0: Called Strike 0-1: Called Strike 0-2: Ball 1-2: DOUBLE (Line Drive, 9LM, EV 93.8 MPH) Gabriel Corporan to third
|
|
Batting: RHB Jose A. Martinez
|
0-0: SINGLE (Line Drive, 34D, EV 95.0 MPH) Gabriel Corporan scores Greg Watts to third
|
|
Batting: LHB Sojuro Iwamoto
|
0-0: Ball 1-0: Swinging Strike 1-1: Foul Ball, location: 3F 1-2: Ball 2-2: Ball 3-2: Foul Ball, location: 2F 3-2: Base on Balls Jose A. Martinez to second
|
|
Batting: LHB Magneuris Sierra
|
0-0: Fielders Choice at 2nd, U4 (Groundball, 4M, EV 80.6 MPH)
|
| Top of the 2nd over - 1 run, 3 hits, 0 errors, 3 left on base; Minnesota 1 - Cleveland 0 |
| BOTTOM OF THE 2ND |
|
Cleveland Guardians batting - Pitching for Minnesota Twins : RHP Bob McDonald
|
|
Batting: LHB Joe Young
|
0-0: Ball 1-0: Ball 2-0: Reached on error, E4 (Groundball, 4, EV 108.8 MPH)
|
|
Batting: RHB Juan Martínez
|
0-0: Swinging Strike 0-1: Ball 1-1: Swinging Strike 1-2: Strikes out swinging
|
|
Batting: RHB Juan González
|
0-0: Ball 1-0: Ball Joe Young steals 2nd base 2-0: Foul Ball, location: 7LSF 2-1: Fly out, F7 (Flyball, 7D, EV 105.0 MPH)
|
|
Batting: RHB Ben Ramsey
|
0-0: Swinging Strike 0-1: Ball 1-1: Ground out 6-3 (Groundball, 6, EV 105.6 MPH)
|
| Bottom of the 2nd over - 0 runs, 0 hits, 1 error, 1 left on base; Minnesota 1 - Cleveland 0 |
| TOP OF THE 3RD |
|
Minnesota Twins batting - Pitching for Cleveland Guardians : RHP Sandy Cline
|
|
Batting: SHB Francisco Mejia
|
0-0: Foul Ball, location: 2F 0-1: Foul Ball, location: 5FF 0-2: Ball 1-2: Ball 2-2: Strikes out swinging
|
|
Batting: LHB Andy Townsend
|
0-0: Ball 1-0: Ball 2-0: Ground out 4-3 (Groundball, 34D, EV 107.5 MPH)
|
|
Batting: RHB Gabriel Corporan
|
0-0: Called Strike 0-1: SINGLE (Groundball, 4D, EV 96.3 MPH)
|
|
Batting: LHB Carol Westerhout
|
0-0: Ball 1-0: Ball 2-0: Called Strike 2-1: Foul Ball, location: 2F 2-2: Strikes out swinging
|
| Top of the 3rd over - 0 runs, 1 hit, 0 errors, 1 left on base; Minnesota 1 - Cleveland 0 |
| BOTTOM OF THE 3RD |
|
Cleveland Guardians batting - Pitching for Minnesota Twins : RHP Bob McDonald
|
|
Batting: LHB Joe Wendle
|
0-0: Ball 1-0: Called Strike 1-1: SINGLE (Line Drive, 78M, EV 96.9 MPH)
|
|
Batting: RHB Liam Thompson
|
0-0: Called Strike 0-1: Bunted foul 0-2: Ball 1-2: Grounds into double play, 6-4-3 (Groundball, 6, EV 106.3 MPH)
|
|
Batting: LHB José Álvarez
|
0-0: Foul Ball, location: 25F 0-1: Foul Ball, location: 2F 0-2: Ball 1-2: SOLO HOME RUN (Flyball, 89XD, EV 103.1 MPH), Distance : 406 ft
|
|
Batting: RHB Jesús Castro
|
0-0: Foul Ball, location: 23F 0-1: Swinging Strike 0-2: Ball 1-2: Ground out 4-3 (Groundball, 6MD, EV 95.0 MPH)
|
| Bottom of the 3rd over - 1 run, 2 hits, 0 errors, 0 left on base; Minnesota 1 - Cleveland 1 |
| TOP OF THE 4TH |
|
Minnesota Twins batting - Pitching for Cleveland Guardians : RHP Sandy Cline
|
|
Batting: LHB Tulio Garcia
|
0-0: Ball 1-0: Ball 2-0: Swinging Strike 2-1: SINGLE (Line Drive, 8LS, EV 92.5 MPH)
|
|
Batting: RHB Greg Watts
|
0-0: Ball 1-0: Ball 2-0: Called Strike 2-1: Fielders Choice at 2nd, 6-4 (Groundball, 6, EV 101.9 MPH)
|
|
Batting: RHB Jose A. Martinez
|
0-0: Swinging Strike 0-1: Ball 1-1: Bunted foul 1-2: SINGLE (Line Drive, 9LS, EV 89.4 MPH) Greg Watts to second
|
|
Batting: LHB Sojuro Iwamoto
|
0-0: Ball 1-0: Foul Ball, location: 2F 1-1: Ball 2-1: DOUBLE (Groundball, 5D, EV 105.0 MPH) Greg Watts scores Jose A. Martinez to third Runner from 3rd tries for Home, SAFE, no throw by LF
|
|
Batting: LHB Magneuris Sierra
|
0-0: Called Strike 0-1: Ball 1-1: Swinging Strike 1-2: Strikes out looking
|
|
Batting: SHB Francisco Mejia
|
0-0: SINGLE (Groundball, 6S, EV 70.0 MPH) (infield hit) Sojuro Iwamoto to third
|
|
Batting: LHB Andy Townsend
|
0-0: Called Strike 0-1: Ground out 4-3 (Groundball, 4, EV 83.8 MPH)
|
| Top of the 4th over - 2 runs, 4 hits, 0 errors, 2 left on base; Minnesota 3 - Cleveland 1 |
| BOTTOM OF THE 4TH |
|
Cleveland Guardians batting - Pitching for Minnesota Twins : RHP Bob McDonald
|
|
Batting: RHB Ernie Jones
|
0-0: Foul Ball, location: 9LMF 0-1: Ball 1-1: Ball 2-1: Foul Ball, location: 5F 2-2: Ball 3-2: Fly out, F4 (Popup, 4S, EV 68.8 MPH)
|
|
Batting: LHB Joe Young
|
0-0: Ball 1-0: Ground out 4-3 (Groundball, 4MD, EV 90.6 MPH)
|
|
Batting: RHB Juan Martínez
|
0-0: Called Strike 0-1: Ball 1-1: Foul Ball, location: 2F 1-2: Foul Ball, location: 7LDF 1-2: Fly out, F3 (Line Drive, 3D, EV 67.5 MPH)
|
| Bottom of the 4th over - 0 runs, 0 hits, 0 errors, 0 left on base; Minnesota 3 - Cleveland 1 |
| TOP OF THE 5TH |
|
Minnesota Twins batting - Pitching for Cleveland Guardians : RHP Sandy Cline
|
|
Batting: RHB Gabriel Corporan
|
0-0: Called Strike 0-1: Ball 1-1: Called Strike 1-2: Ball 2-2: SINGLE (Line Drive, 89S, EV 99.4 MPH)
|
|
Batting: LHB Carol Westerhout
|
0-0: Ball 1-0: Fly out, F4 (Line Drive, 34D, EV 96.3 MPH)
|
|
Batting: LHB Tulio Garcia
|
0-0: Ball 1-0: Ball 2-0: Called Strike 2-1: Fly out, F6 (Line Drive, 6M, EV 67.5 MPH)
|
|
Pitching: RHP Andy Walker
|
|
|
Batting: RHB Greg Watts
|
0-0: Foul Ball, location: 7LMF 0-1: Fly out, F1 (Line Drive, P, EV 70.6 MPH)
|
| Top of the 5th over - 0 runs, 1 hit, 0 errors, 1 left on base; Minnesota 3 - Cleveland 1 |
| BOTTOM OF THE 5TH |
|
Cleveland Guardians batting - Pitching for Minnesota Twins : RHP Bob McDonald
|
|
Batting: RHB Juan González
|
0-0: Called Strike 0-1: SINGLE (Line Drive, 8LS, EV 111.3 MPH)
|
|
Batting: RHB Ben Ramsey
|
0-0: Foul Ball, location: 3F 0-1: Ball 1-1: Fly out, F4 (Popup, 4S, EV 69.4 MPH)
|
|
Batting: LHB Joe Wendle
|
0-0: Called Strike 0-1: Fielders Choice at 2nd, 3-6 (Groundball, 3, EV 87.5 MPH)
|
|
Batting: RHB Liam Thompson
|
0-0: Called Strike 0-1: Ball 1-1: Swinging Strike 1-2: Fly out, F8 (Flyball, 8LM, EV 83.1 MPH)
|
| Bottom of the 5th over - 0 runs, 1 hit, 0 errors, 1 left on base; Minnesota 3 - Cleveland 1 |
| TOP OF THE 6TH |
|
Minnesota Twins batting - Pitching for Cleveland Guardians : RHP Andy Walker
|
|
Batting: RHB Jose A. Martinez
|
0-0: Called Strike 0-1: Called Strike 0-2: Ball 1-2: Ball 2-2: Foul Ball, location: 25FF 2-2: Strikes out swinging passed ball, reaches first!
|
|
Batting: LHB Sojuro Iwamoto
|
0-0: Ball 1-0: Foul Ball, location: 23FF 1-1: Sac Bunt to 3S - play at first, batter OUT! 3-1 Jose A. Martinez to second
|
|
Batting: LHB Magneuris Sierra
|
0-0: Ball 1-0: Swinging Strike 1-1: Called Strike 1-2: Fly out, F1 (Popup, P, EV 77.5 MPH)
|
|
Batting: SHB Francisco Mejia
|
0-0: Called Strike 0-1: Swinging Strike 0-2: Strikes out swinging
|
| Top of the 6th over - 0 runs, 0 hits, 0 errors, 1 left on base; Minnesota 3 - Cleveland 1 |
| BOTTOM OF THE 6TH |
|
Cleveland Guardians batting - Pitching for Minnesota Twins : RHP Bob McDonald
|
|
Batting: LHB José Álvarez
|
0-0: Ball 1-0: Called Strike 1-1: Ball 2-1: Fly out, F2 (Popup, 2LF, EV 95.0 MPH)
|
|
Batting: RHB Jesús Castro
|
0-0: Ball 1-0: Ball 2-0: Ground out 5-3 (Groundball, 25, EV 86.3 MPH)
|
|
Batting: RHB Ernie Jones
|
0-0: Called Strike 0-1: Ball 1-1: Called Strike 1-2: Strikes out looking
|
| Bottom of the 6th over - 0 runs, 0 hits, 0 errors, 0 left on base; Minnesota 3 - Cleveland 1 |
| TOP OF THE 7TH |
|
Minnesota Twins batting - Pitching for Cleveland Guardians : RHP Andy Walker
|
|
Batting: LHB Andy Townsend
|
0-0: Ball 1-0: Called Strike 1-1: Ball 2-1: Ball 3-1: Base on Balls
|
|
Batting: RHB Gabriel Corporan
|
0-0: Swinging Strike 0-1: Ball 1-1: Foul Ball, location: 3F 1-2: Fielders Choice at 2nd, 4-6 (Groundball, 4, EV 102.5 MPH)
|
|
Batting: LHB Carol Westerhout
|
0-0: Ball 1-0: Called Strike 1-1: Reached on error, E4 (Groundball, 34S, EV 84.4 MPH) Gabriel Corporan to second
|
|
Batting: LHB Tulio Garcia
|
0-0: Called Strike 0-1: Foul Ball, location: 2F 0-2: Foul Ball, location: 7LMF 0-2: Ball 1-2: Foul Ball, location: 2F 1-2: Strikes out swinging
|
|
Batting: RHB Greg Watts
|
0-0: Foul Ball, location: 2F 0-1: Ball 1-1: SINGLE (Line Drive, 4MD, EV 95.6 MPH) Gabriel Corporan to third Carol Westerhout to second Runner from 3rd tries for Home, SAFE, throw by CF to home
|
|
Pitching: RHP Vito Porchianelo
|
|
|
Batting: RHB Jose A. Martinez
|
0-0: Foul Ball, location: 3F 0-1: Ground out 4-3 (Groundball, 4, EV 85.0 MPH)
|
| Top of the 7th over - 1 run, 1 hit, 1 error, 2 left on base; Minnesota 4 - Cleveland 1 |
| BOTTOM OF THE 7TH |
|
Cleveland Guardians batting - Pitching for Minnesota Twins : RHP Bob McDonald
|
|
Batting: LHB Joe Young
|
0-0: Foul Ball, location: 7LSF 0-1: DOUBLE (Line Drive, 89D, EV 100.6 MPH)
|
|
Pitching: RHP Randy Lewis
|
|
|
Batting: RHB Juan Martínez
|
0-0: Ball 1-0: Swinging Strike 1-1: Ground out 5-3 (Groundball, 5, EV 86.9 MPH) Joe Young to third
|
|
Batting: RHB Juan González
|
0-0: Called Strike 0-1: Fly out, F8 (Flyball, 89M, EV 85.6 MPH) Runner from 3rd tags up, SCORES, throw by CF
|
|
Batting: RHB Ben Ramsey
|
0-0: Ball 1-0: Fly out, F8 (Flyball, 8RM, EV 86.3 MPH)
|
| Bottom of the 7th over - 1 run, 1 hit, 0 errors, 0 left on base; Minnesota 4 - Cleveland 2 |
| TOP OF THE 8TH |
|
Minnesota Twins batting - Pitching for Cleveland Guardians : RHP Vito Porchianelo
|
|
Batting: LHB Sojuro Iwamoto
|
0-0: Called Strike 0-1: Swinging Strike 0-2: Ball 1-2: Fly out, F7 (Flyball, 7LSF, EV 81.3 MPH)
|
|
Batting: LHB Magneuris Sierra
|
0-0: DOUBLE (Flyball, 8LXD, EV 111.3 MPH)
|
|
Batting: SHB Francisco Mejia
|
0-0: Ball Magneuris Sierra steals 3rd base 1-0: Called Strike 1-1: Ball 2-1: Foul Ball, location: 5DF 2-2: Strikes out swinging
|
|
Batting: LHB Andy Townsend
|
0-0: Intentional Walk
|
|
Batting: RHB Gabriel Corporan
|
0-0: Foul Ball, location: 25F 0-1: Ball 1-1: Foul Ball, location: 2F 1-2: Strikes out looking
|
| Top of the 8th over - 0 runs, 1 hit, 0 errors, 2 left on base; Minnesota 4 - Cleveland 2 |
| BOTTOM OF THE 8TH |
|
Cleveland Guardians batting - Pitching for Minnesota Twins : RHP Randy Lewis
|
|
Pitching: LHP Luis Romano
|
|
|
Batting: RHB Vladimir Guerrero Jr.
|
0-0: Ball 1-0: Called Strike 1-1: Ball 2-1: Fly out, F4 (Line Drive, 4, EV 100.6 MPH)
|
|
Batting: RHB Liam Thompson
|
0-0: Ball 1-0: Swinging Strike 1-1: Swinging Strike 1-2: Foul Ball, location: 2F 1-2: Ball 2-2: Ball 3-2: Foul Ball, location: 3F 3-2: Base on Balls
|
|
Batting: LHB José Álvarez
|
0-0: Ball 1-0: Fly out, F4 (Popup, 34, EV 79.4 MPH)
|
|
Pitching: LHP Dave Weaver
|
|
|
Batting: RHB Jesús Castro
|
0-0: Called Strike 0-1: Ball 1-1: Swinging Strike 1-2: Strikes out swinging
|
| Bottom of the 8th over - 0 runs, 0 hits, 0 errors, 1 left on base; Minnesota 4 - Cleveland 2 |
| TOP OF THE 9TH |
|
Minnesota Twins batting - Pitching for Cleveland Guardians : RHP Vito Porchianelo
|
|
Pitching: RHP Heath Hembree
|
|
|
Batting: LHB Carol Westerhout
|
0-0: Called Strike 0-1: Ball 1-1: Foul Ball, location: 7LDF 1-2: DOUBLE (Line Drive, 89M, EV 93.1 MPH)
|
|
Batting: LHB Tulio Garcia
|
0-0: Intentional Walk
|
|
Batting: RHB Greg Watts
|
0-0: Bunted foul 0-1: Fielders Choice at 2nd, 6-4 (Groundball, 56, EV 105.6 MPH) Carol Westerhout to third
|
|
Batting: RHB Jose A. Martinez
|
0-0: Ball Greg Watts steals 2nd base 1-0: Ball 2-0: Called Strike 2-1: SINGLE (Groundball, 56S, EV 75.0 MPH) (infield hit) Carol Westerhout scores Greg Watts to third
|
|
Batting: LHB Sojuro Iwamoto
|
0-0: Ball Jose A. Martinez steals 2nd base 1-0: Ball 2-0: Ball 3-0: Called Strike 3-1: Foul Ball, location: 23F 3-2: Foul Ball, location: 2RF 3-2: Foul Ball, location: 5FF 3-2: Strikes out swinging
|
|
Batting: LHB Magneuris Sierra
|
0-0: Called Strike 0-1: Ball 1-1: Fly out, F8 (Line Drive, 8RM, EV 92.5 MPH)
|
| Top of the 9th over - 1 run, 2 hits, 0 errors, 2 left on base; Minnesota 5 - Cleveland 2 |
| BOTTOM OF THE 9TH |
|
Cleveland Guardians batting - Pitching for Minnesota Twins : LHP Dave Weaver
|
|
Pitching: RHP Jorge Fajardo
|
|
|
Batting: RHB Ernie Jones
|
0-0: Ball 1-0: Ball 2-0: Foul Ball, location: 9LMF 2-1: Fly out, F9 (Flyball, 9D, EV 88.1 MPH)
|
|
Batting: LHB Joe Young
|
0-0: Foul Ball, location: 25F 0-1: Called Strike 0-2: Foul Ball, location: 25F 0-2: Strikes out swinging
|
|
Pinch Hitting: SHB Brett Austin
|
0-0: Ball 1-0: Called Strike 1-1: Ball 2-1: Ball 3-1: Ground out 6-3 (Groundball, 6, EV 102.5 MPH)
|
| Bottom of the 9th over - 0 runs, 0 hits, 0 errors, 0 left on base; Minnesota 5 - Cleveland 2 |
|